Map: Abyssal Reef LE

Players

Juxtapose - Winner!

  • Race: Protoss Protoss
  • Spawn Location: 5:00

A.I. 1 (Very Hard)

  • Race: Protoss Protoss
  • Spawn Location: 11:00

VOD

https://youtu.be/FZvqsOxbBXM

Description

All week I've been practicing in Custom Games to try and get myself back up to speed, and to try and beat the Very Hard AI, something I've never done before.

I failed. I was not able to take it once in a Custom Game, though I did improve from getting annihilated to being able to survive its first attack.

This is my attempt at taking the Very Hard AI in Versus AI, and I'm very, very pleased with how I performed.

I've been working on harassing earlier, and I've also been revising my hot keys to try and improve my overall Macro game.

I've still got a long way to go, but I've noticeably improved and I'm pleased with that.

Time

  • Played on: May 7, 2017, 3:53 p.m.
  • Length: 14:55
Show
View Real Time Build Order
Export as new Build Order

Juxtapose Protoss - Winner!

Build Orders: Oracle Opening 

Get SALT Encoding   

  12  0:02  Probe (Chrono Boost)  
  13  0:12  Probe (Chrono Boost)  
  14  0:18  Pylon  
  14  0:23  Probe (Chrono Boost)  
  15  0:37  Probe (Chrono Boost)  
  15  0:39  Gateway  
  16  0:47  Probe (Chrono Boost)  
  17  0:58  Probe (Chrono Boost)  
  18  1:07  Pylon  
  18  1:08  Probe (Chrono Boost)  
  19  1:19  Probe (Chrono Boost)  
  20  1:28  Cybernetics Core  
  20  1:29  Probe (Chrono Boost)  
  20  1:31  Assimilator  
  21  1:41  Probe (Chrono Boost)  
  21  1:46  Zealot  
  24  1:47  Gateway  
  24  1:51  Probe (Chrono Boost)  
  25  2:00  Assimilator  
  25  2:05  Probe (Chrono Boost)  
  26  2:17  Zealot  
  28  2:36  Zealot  
  30  2:41  Stargate  
  30  2:50  Pylon  
  30  2:56  Pylon  
  30  3:08  Zealot  
  32  3:12  Nexus  
  32  3:20  Pylon  
  32  3:24  Oracle  
  35  3:35  Warp Gate  
  35  4:00  Oracle  
  38  4:03  Robotics Facility  
  38  4:16  Forge  
  38  4:25  Gateway  
  38  4:28  Probe (Chrono Boost)  
  40  4:31  Probe (Chrono Boost)  
  40  4:34  Assimilator  
  40  4:39  Probe (Chrono Boost)  
  40  4:42  Probe (Chrono Boost)  
  42  4:49  Probe (Chrono Boost)  
  43  4:59  Immortal  
  47  5:03  Probe x2 (Chrono Boost)  
  49  5:09  Assimilator  
  49  5:38  Immortal  
  53  5:46  Protoss Ground Weapons Level 1  
  53  5:48  Probe x2 (Chrono Boost)  
  55  6:09  Probe x2 (Chrono Boost)  
  57  6:14  Adept  
  57  6:15  Adept  
  61  6:22  Immortal  
  65  6:38  Sentry x2  
  70  6:47  Probe (Chrono Boost)  
  70  6:52  Pylon  
  70  7:02  Twilight Council  
  70  7:10  Immortal, Probe x2 (Chrono Boost)  
  70  7:12  Pylon  
  70  7:14  Stalker  
  78  7:30  Probe x2 (Chrono Boost)  
  78  7:32  Pylon  
  80  7:44  Protoss Ground Armor Level 1  
  80  7:47  Blink  
  80  7:52  Immortal  
  84  7:59  Mothership Core (Chrono Boost)  
  86  8:06  Stalker x3  
  92  8:16  Gateway  
  92  8:25  Nexus  
  92  8:31  Observer  
  93  8:40  Pylon  
  93  8:43  Pylon  
  93  9:04  Stalker  
  93  9:05  Stalker x2  
  99  9:33  Adept x2, Protoss Ground Weapons Level 2  
  99  9:34  Adept  
  99  9:35  Resonating Glaives  
  105  9:55  Immortal  
  109  10:41  Adept x4  
  105  11:02  Charge  
  105  11:04  Stalker x3  
  103  11:05  Stalker  
  103  11:07  Immortal  
  77  11:46  Immortal, Stalker x3  
  77  11:47  Stalker  
  87  12:26  Immortal  
  89  12:49  Stalker x3  
  95  13:05  Immortal  
  99  13:15  Zealot x3  
  99  13:18  Mothership Core (Chrono Boost)  
  99  13:19  Adept  
  109  13:44  Immortal  
  113  14:24  Observer  
  114  14:33  Stalker  
  116  14:40  Probe (Chrono Boost)  
  116  14:44  Pylon  
Show
View Real Time Build Order
Export as new Build Order

A.I. 1 (Very Hard) Protoss 

Build Orders: Zealot Archon 

Get SALT Encoding   

  12  0:01  Probe (Chrono Boost)  
  13  0:11  Probe (Chrono Boost)  
  14  0:19  Pylon  
  14  0:22  Probe (Chrono Boost)  
  15  0:37  Probe (Chrono Boost)  
  15  0:39  Gateway  
  16  0:48  Probe (Chrono Boost)  
  17  0:58  Probe (Chrono Boost)  
  18  1:09  Probe (Chrono Boost)  
  19  1:12  Assimilator  
  19  1:16  Pylon  
  19  1:19  Probe (Chrono Boost)  
  20  1:30  Probe (Chrono Boost)  
  21  1:35  Cybernetics Core  
  21  1:48  Nexus  
  21  1:53  Zealot  
  23  2:10  Gateway  
  23  2:12  Probe (Chrono Boost)  
  24  2:20  Pylon  
  25  2:23  Probe (Chrono Boost)  
  25  2:26  Warp Gate  
  25  2:27  Zealot  
  27  2:34  Probe (Chrono Boost)  
  28  2:42  Assimilator  
  28  2:46  Probe (Chrono Boost)  
  29  2:52  Adept  
  29  2:56  Adept  
  29  2:57  Probe (Chrono Boost)  
  34  3:02  Probe (Chrono Boost)  
  35  3:12  Pylon  
  35  3:17  Stalker  
  37  3:21  Probe (Chrono Boost)  
  37  3:24  Probe (Chrono Boost)  
  39  3:33  Probe (Chrono Boost)  
  40  3:36  Probe (Chrono Boost)  
  41  3:43  Robotics Facility, Probe (Chrono Boost)  
  41  3:44  Adept  
  45  3:49  Probe (Chrono Boost)  
  45  3:54  Adept  
  45  3:55  Probe (Chrono Boost)  
  48  4:01  Probe (Chrono Boost)  
  49  4:07  Probe (Chrono Boost)  
  49  4:09  Adept  
  50  4:13  Probe (Chrono Boost)  
  50  4:15  Pylon  
  53  4:18  Probe (Chrono Boost)  
  53  4:24  Probe (Chrono Boost)  
  55  4:30  Immortal, Stalker, Probe (Chrono Boost)  
  58  4:34  Pylon  
  58  4:36  Probe (Chrono Boost)  
  63  4:41  Probe (Chrono Boost)  
  63  4:44  Stalker  
  66  4:47  Probe (Chrono Boost)  
  68  4:53  Robotics Facility, Probe (Chrono Boost)  
  68  4:55  Stalker  
  70  5:05  Immortal  
  70  5:06  Probe (Chrono Boost)  
  72  5:08  Probe (Chrono Boost)  
  72  5:12  Pylon  
  76  5:17  Pylon  
  76  5:20  Probe (Chrono Boost)  
  73  5:22  Probe (Chrono Boost)  
  61  5:31  Probe (Chrono Boost)  
  61  5:35  Twilight Council  
  59  5:51  Assimilator  
  59  5:52  Probe (Chrono Boost)  
  60  5:57  Probe (Chrono Boost)  
  60  5:58  Assimilator  
  60  6:02  Probe (Chrono Boost)  
  62  6:08  Probe (Chrono Boost)  
  63  6:12  Gateway  
  63  6:13  Probe (Chrono Boost)  
  63  6:15  Templar Archives  
  64  6:18  Probe (Chrono Boost)  
  64  6:23  Probe (Chrono Boost)  
  66  6:29  Probe (Chrono Boost)  
  67  6:34  Zealot, Probe (Chrono Boost)  
  70  6:40  Probe (Chrono Boost)  
  70  6:45  Probe (Chrono Boost)  
  72  6:48  Sentry  
  72  6:52  Probe (Chrono Boost)  
  72  6:53  Stalker  
  77  6:56  Probe (Chrono Boost)  
  78  7:03  Pylon, Probe (Chrono Boost)  
  78  7:06  Stalker  
  82  7:08  Probe (Chrono Boost)  
  82  7:10  High Templar, Observer  
  82  7:15  Stalker, Probe (Chrono Boost)  
  88  7:20  Probe (Chrono Boost)  
  89  7:25  Pylon  
  89  7:26  Probe (Chrono Boost)  
  89  7:27  Sentry  
  92  7:31  Pylon  
  92  7:32  Probe (Chrono Boost)  
  92  7:37  High Templar, Probe (Chrono Boost)  
  96  7:38  Pylon, Nexus  
  96  7:41  Stalker  
  96  7:43  Probe (Chrono Boost)  
  99  7:49  Stalker  
  101  7:56  Archon  
  101  8:02  Stalker  
  103  8:06  Forge  
  103  8:07  High Templar  
  103  8:11  Stalker  
  107  8:23  Pylon, Zealot  
  107  8:25  Pylon  
  109  8:30  Pylon  
  109  8:32  Stalker  
  111  8:36  High Templar  
  111  8:37  Pylon  
  113  8:41  Protoss Ground Weapons Level 1  
  113  8:42  Zealot  
  115  8:50  Photon Cannon  
  115  8:51  Archon  
  115  8:52  Sentry, Probe (Chrono Boost)  
  115  8:53  Probe (Chrono Boost)  
  115  8:55  Probe (Chrono Boost)  
  120  9:00  Pylon, Zealot  
  122  9:02  Assimilator  
  122  9:03  Probe (Chrono Boost)  
  122  9:04  Probe (Chrono Boost)  
  122  9:05  Pylon  
  122  9:06  Probe (Chrono Boost)  
  122  9:07  High Templar  
  127  9:13  Zealot  
  127  9:14  Forge  
  127  9:15  Probe (Chrono Boost)  
  127  9:16  Probe (Chrono Boost)  
  131  9:17  Probe (Chrono Boost)  
  131  9:20  High Templar  
  122  9:27  Probe (Chrono Boost)  
  122  9:28  Psionic Storm, Probe x2 (Chrono Boost)  
  127  9:38  Probe (Chrono Boost)  
  127  9:39  Archon, Probe (Chrono Boost)  
  127  9:40  High Templar, Protoss Ground Armor Level 1, Probe (Chrono Boost)  
  130  9:47  High Templar  
  130  9:49  Assimilator, Probe (Chrono Boost)  
  130  9:50  Probe (Chrono Boost)  
  130  9:52  Probe (Chrono Boost)  
  136  10:00  Probe (Chrono Boost)  
  136  10:02  Probe (Chrono Boost)  
  136  10:03  Probe (Chrono Boost)  
  138  10:09  Gateway  
  138  10:11  Probe (Chrono Boost)  
  138  10:14  Probe (Chrono Boost)  
  141  10:15  Probe (Chrono Boost)  
  129  10:23  Probe (Chrono Boost)  
  129  10:25  Immortal, Probe (Chrono Boost)  
  129  10:26  Probe (Chrono Boost)  
  127  10:34  Probe (Chrono Boost)  
  128  10:37  Probe (Chrono Boost)  
  128  10:38  Probe (Chrono Boost)  
  128  10:41  Zealot x2  
  126  10:45  Probe (Chrono Boost)  
  126  10:47  Zealot  
  126  10:49  Probe x2 (Chrono Boost)  
  125  10:58  Probe (Chrono Boost)  
  125  11:00  Zealot, Probe x2 (Chrono Boost)  
  125  11:01  Zealot  
  125  11:04  Stalker  
  125  11:06  Zealot  
  125  11:09  Probe (Chrono Boost)  
  108  11:14  Probe (Chrono Boost)  
  108  11:17  Probe (Chrono Boost)  
  86  11:18  Adept  
  86  11:20  Sentry, Probe (Chrono Boost)  
  86  11:23  Archon  
  73  11:26  High Templar x2  
  77  11:35  Probe (Chrono Boost)  
  77  11:36  Probe (Chrono Boost)  
  77  11:37  Stalker, Probe (Chrono Boost)  
  82  11:43  Stalker  
  84  11:49  Probe (Chrono Boost)  
  84  11:50  Probe (Chrono Boost)  
  84  11:52  Probe (Chrono Boost)  
  87  11:56  Sentry  
  87  11:57  Archon, Stalker  
  87  11:58  Adept  
  87  12:00  Probe (Chrono Boost)  
  94  12:03  Probe (Chrono Boost)  
  94  12:04  Stalker  
  94  12:07  Probe (Chrono Boost)  
  94  12:12  Probe (Chrono Boost)  
  94  12:14  Probe (Chrono Boost)  
  90  12:17  High Templar x2  
  90  12:18  Zealot, Probe (Chrono Boost)  
  79  12:24  Probe (Chrono Boost)  
  79  12:26  Probe (Chrono Boost)  
  79  12:27  Sentry  
  79  12:29  Probe (Chrono Boost)  
  70  12:35  Probe (Chrono Boost)  
  67  12:37  Adept  
  60  12:45  Probe (Chrono Boost)  
  60  12:47  Stalker, Probe (Chrono Boost)  
  60  12:48  High Templar, Zealot  
  51  12:55  Probe (Chrono Boost)  
  51  12:56  Sentry  
  51  12:57  Probe (Chrono Boost)  
  43  12:59  Observer  
  40  13:07  Adept  
  40  13:09  High Templar  
  43  13:19  High Templar  
  45  13:24  Archon  
  45  13:25  Sentry  
  47  13:31  Observer  
  45  13:38  High Templar  
  45  13:39  Probe x2 (Chrono Boost)  
  39  13:46  Sentry  
  35  13:49  Adept  
  35  13:50  Probe (Chrono Boost)  
  30  14:02  Probe (Chrono Boost)  
  20  14:08  High Templar, Adept  
  20  14:09  High Templar  
  24  14:14  Probe (Chrono Boost)  
  19  14:28  Sentry  
  20  14:38  Probe (Chrono Boost)  
  10  14:40  Stalker  
Tags
 
Composition
Zealot Archon
Matchup
PvP
Spawn Locations
Cross Positions
Add a new tag
Caveats
  • Supply blocks, unpowered buildings, or Contaminate may cause inaccurate times.
  • Supply counts are checked every 10 seconds.